 Dungeon Crawl Stone Soup version 0.27.1-35-g4d5d836560 (webtiles) character file.

Game seed: 15897476737580339543

184 cbfl8 the Skirmisher (level 5, 47/47 HPs)
             Began as a Minotaur Fighter on July 17, 2022.
             Quit the game on level 1 of the Dungeon.
             The game lasted 00:02:29 (1237 turns).

cbfl8 the Skirmisher (Minotaur Fighter)             Turns: 1237, Time: 00:02:29

Health: 47/47      AC: 11    Str: 21    XL:     5   Next: 36%
Magic:  5/5        EV:  4    Int:  5    God:
Gold:   31         SH:  9    Dex:  8    Spells: 4/4 levels left

rFire    . . .     SeeInvis .   a - +0 war axe
rCold    . . .     Faith    .   c - +0 kite shield
rNeg     . . .     Spirit   .   h - +0 plate armour
rPois    .         Reflect  .   (helmet restricted)
rElec    .         Harm     .   (no cloak)
rCorr    .         Rampage  .   (no gloves)
Will     .....     Clarity  +   (no boots)
Stlth    ..........             (no amulet)
HPRegen  0.15/turn              (no ring)
MPRegen  0.09/turn              (no ring)

@: flying
A: horns 2, retaliatory headbutt, clarity, clumsy 1, deterioration 1, MP-powered
wands
a: no special abilities


You were on level 1 of the Dungeon.
You visited 1 branch of the dungeon, and saw 2 of its levels.

You collected 31 gold pieces.

Inventory:

Hand Weapons
 a - a +0 war axe (weapon)
Armour
 b - a +0 scale mail
 c - a +0 kite shield (worn)
 h - a +0 plate armour (worn)
Scrolls
 e - 6 scrolls of teleportation {unknown}
 g - a scroll of identify {unknown}
 j - a scroll of acquirement {unknown}
Potions
 d - 3 potions of might


   Skills:
 * Level 4.8 Fighting
 + Level 3.6 Axes
 + Level 4.3 Armour
 + Level 0.4 Dodging
 + Level 0.3 Stealth
 + Level 4.4 Shields
 * Level 1.4 Invocations
 * Level 1.2 Evocations


You had 4 spell levels left.
You didn't know any spells.
Your spell library contained the following spells:

 Spells                   Type           Power      Damage    Failure   Level
 Slow                     Hex            0%         N/A       100%        2
 Confusing Touch          Hex            0%         N/A       100%        3
 Yara's Violent Unravell  Hex/Tmut       0%         3d3       100%        5


Dungeon Overview and Level Annotations

Branches:
Dungeon (2/15)

Altars:

Annotations:
D:2 Terence


Innate Abilities, Weirdness & Mutations

You have a pair of horns on your head.
You reflexively headbutt those who attack you in melee.
You possess an exceptional clarity of mind.
You are clumsy. (Dex -2)
Your body sometimes deteriorates upon taking damage.
You expend magic power (3 MP) to strengthen your wands.


Message History

There is a stone staircase leading down here.
You start resting.
You start resting.
HP restored.
Sorry, you're not good enough to have a special ability.
Sorry, you're not good enough to have a special ability.
Really quaff the potion of mutation?
You feel extremely strange.
You feel genetically unstable.
Your urge to shout disappears.
You feel clumsy.
You feel your magical essence link to the dungeon's wands.
You feel yourself wasting away.
Your thoughts seem clearer.
Sorry, you're not good enough to have a special ability.
Sorry, you're not good enough to have a special ability.
It was a potion of flight.
You feel very buoyant.
You fly up into the air.
There is a stone staircase leading down here.
There is a stone staircase leading down here.
There is a stone staircase leading down here.
There is a stone staircase leading down here.
There is a stone staircase leading down here.
There is a stone staircase leading down here.
There is a stone staircase leading down here.
There is a stone staircase leading down here.
There is a stone staircase leading down here.
There is a stone staircase leading down here.
Unknown command.
Unknown command.
Unknown command.
Unknown command.
Unknown command.
Unknown command.
Unknown command.
Unknown command.
Unknown command.
Unknown command.
Unknown command.
Unknown command.
Unknown command.
Are you sure you want to abandon this character and quit the game? (Confirm with "yes".)

#...)...#.'.(..÷...##........#
###.....####....÷.÷##...######
#.......###>###÷<÷#..###....#
#.....)..##÷....÷.#.####....#
#........'...÷÷.÷÷#.........#
##.....####....÷..#.#########
#....## #########..### # #.####
#####....)##...# #
###.######......@>#####.#########
[................................
..#####.####.#....######.########
........###..###### #÷## ###
########....## #..# #..
####..#### ##.# ##.# ###....##
#.# #..# ##...#### #[# ##.##
...### #.###..#


There were no monsters in sight!

Vanquished Creatures
  Sigmund (D:2)
  2 dart slugs
  6 bats
  3 endoplasms (D:1)
  2 giant cockroaches (D:1)
  2 goblins
  5 kobolds
  2 quokkas (D:1)
  3 ball pythons
  2 frilled lizards
  2 rats (D:1)
30 creatures vanquished.

Notes
Turn   | Place    | Note
-------+----------+-------------------------------------------
     0 | D:1      | cbfl8 the Minotaur Fighter began the quest for the Orb.
     0 | D:1      | Reached XP level 1. HP: 19/19 MP: 0/0
    63 | D:1      | Reached XP level 2. HP: 26/27 MP: 1/1
   464 | D:1      | Found a faded altar of an unknown god.
   783 | D:2      | Reached XP level 3. HP: 33/33 MP: 2/2
   923 | D:2      | Noticed Sigmund
   935 | D:2      | Killed Sigmund
   936 | D:2      | Reached skill level 1 in Invocations
   936 | D:2      | Reached skill level 1 in Evocations
   936 | D:2      | Reached XP level 4. HP: 6/41 MP: 2/4
   936 | D:2      | Reached XP level 5. HP: 7/47 MP: 2/5
   942 | D:2      | Gained mutation: You occasionally shout uncontrollably at
                  | your foes. [potion of mutation]
   942 | D:2      | Gained mutation: You are somewhat resistant to further
                  | mutation. [potion of mutation]
   965 | D:2      | Noticed Terence
  1214 | D:1      | Lost mutation: You are somewhat resistant to further
                  | mutation. [potion of mutation]
  1214 | D:1      | Lost mutation: You occasionally shout uncontrollably at
                  | your foes. [potion of mutation]
  1214 | D:1      | Gained mutation: You are clumsy. (Dex -2) [potion of
                  | mutation]
  1214 | D:1      | Gained mutation: You expend magic power (3 MP) to
                  | strengthen your wands. [potion of mutation]
  1214 | D:1      | Gained mutation: Your body sometimes deteriorates upon
                  | taking damage. [potion of mutation]
  1214 | D:1      | Gained mutation: You possess an exceptional clarity of
                  | mind. [potion of mutation]
  1237 | D:1      | Quit the game

Illustrated notes

Levels and vault maps discovered:
D:1:      heliophobic_arrival_battle_scene, layout_rooms,
          shapermc_ecumenical_altar_notcrosses
D:2:      layout_rooms, uniq_sigmund, uniq_terence

Skill      XL: |  1  2  3 |
---------------+----------+-----
Shields        | 4 |  4.4
Fighting       | 4 |  4.8
Axes           | 3 |  3.6
Armour         | 4 |  4.3
Invocations    | 1 |  1.4
Evocations     | 1 |  1.2
Dodging        | |  0.4
Stealth        | |  0.3

Action                   |  1- 3 |  4- 6 || total
-------------------------+-------+-------++-------
Melee: War axe           |    62 |     4 ||    66
       Headbutt          |     7 |       ||     7
  Use: Potion            |       |     3 ||     3
Armor: Scale mail        |    27 |       ||    27
       Plate armour      |    14 |    10 ||    24
Dodge: Dodged            |    20 |     6 ||    26
Block: Kite shield       |    29 |     3 ||    32
